 Dungeon Crawl Stone Soup version 0.28-a0-1182-g381e24db82 (webtiles) character file.

Game seed: 7280212987651566138

334 pmoppi the Magician (level 6, -9/50 HPs)
             Began as a Demigod Wanderer on Dec 16, 2021.
             Mangled by an ogre (15 damage)
             ... on level 4 of the Dungeon.
             The game lasted 00:07:14 (4686 turns).

pmoppi the Magician (Demigod Wanderer)              Turns: 4686, Time: 00:07:15

Health: -9/50      AC:  7    Str: 19    XL:     6   Next: 6%
Magic:  15/15      EV:  9    Int: 16    God:
Gold:   188        SH:  0    Dex: 13    Spells: 12/13 levels left

rFire   . . .      SeeInvis .   a - +2 quarterstaff
rCold   . . .      Faith    .   (shield currently unavailable)
rNeg    . . .      Spirit   .   i - +0 scale mail
rPois   .          Reflect  .   b - +0 helmet
rElec   .          Harm     .   (no cloak)
rCorr   .          Rampage  .   (no gloves)
Will    .....                   (no boots)
Stlth   ..........              (no amulet)
HPRegen 0.16/turn               (no ring)
MPRegen 0.14/turn               (no ring)

@: no status effects
A: high mp 1, forlorn, divine attributes
a: no special abilities


You were on level 4 of the Dungeon.
You visited 1 branch of the dungeon, and saw 4 of its levels.

You collected 188 gold pieces.

Inventory:

Hand Weapons
 a - a +2 quarterstaff (weapon)
Armour
 b - a +0 helmet (worn)
 i - a +0 scale mail (worn)
Jewellery
 j - a +6 ring of intelligence
Scrolls
 c - a scroll of brand weapon {unknown}
 d - 2 scrolls of blinking {unknown}
 e - 2 scrolls of silence {unknown}
 f - a scroll of magic mapping {unknown}
Potions
 g - a potion of magic {unknown}
 h - a potion of curing {unknown}
 k - a potion of flight {unknown}
 l - a potion of berserk rage {unknown}


   Skills:
 + Level 2.6 Fighting
 * Level 4.0 Staves
 + Level 3.0 Armour
 + Level 4.3 Spellcasting
 - Level 1.0 Evocations


You had 12 spell levels left.
You knew the following spells:

 Your Spells              Type           Power      Damage    Failure   Level
a - Magic Dart            Conj           12%        1d3       43%         1

Your spell library contained the following spells:

 Spells                   Type           Power      Damage    Failure   Level
 Blink                    Tloc           6%         N/A       58%         2
 Dazzling Flash           Conj/Hex       6%         N/A       82%         3
 Lesser Beckoning         Tloc           3%         N/A       82%         3
 Manifold Assault         Tloc           3%         N/A       100%        5


Dungeon Overview and Level Annotations

Branches:
Dungeon (4/15)
 Temple: D:4-7

Shops:
D:2 =


Innate Abilities, Weirdness & Mutations

You have an increased reservoir of magic. (+10% MP)
You shall have no god before yourself.
Your divine heritage dramatically boosts your attributes as you level up.


Message History

You now have 188 gold pieces (gained 17).
You open the door.
A goblin comes into view. It is wielding a +0 club.
The goblin shouts!
Found 10 gold pieces.
A goblin is nearby!
An ogre and a dart slug come into view.
The ogre shouts!
There is an open door here.
The goblin hits you but does no damage.
An iguana comes into view.
You sock the goblin!
You kill the goblin!
The dart slug launches a dart at you.
The slug dart hits you but does no damage.
You hit the ogre.
The ogre is lightly wounded.
The dart slug launches a dart at you. The slug dart hits you.
The ogre barely misses you.
You barely miss the ogre.
The ogre is lightly wounded.
The ogre hits you with a +0 giant club!!
The dart slug launches a dart at you.
The slug dart hits you but does no damage.
You are too injured to fight recklessly!
You are too injured to fight recklessly!
There is an open door here.
You sock the ogre!
The ogre is heavily wounded.
The ogre barely misses you.
You hit the ogre.
The ogre is severely wounded.
You hit the ogre.
The ogre is almost dead.
The ogre hits you with a +0 giant club!!
* * * LOW HITPOINT WARNING * * *
You hit the ogre.
The ogre is almost dead.
The ogre hits you with a +0 giant club!
You die...

............ ...........
..#.#.... .#
.##...###########...#####
.#....# #........>#+#...#+#
.#.##.###.###.#####....$..#
....#.....# #'#.#..........
.<..#########...##.........
....# #.....@Ol........
...## #......##w).....#
##.# #.......#.......# ....
+.......####'#### .....
#.......# ... ....
#......## ... #......+ ...
###...## ...


You could see an ogre, an iguana and a dart slug.

Vanquished Creatures
  Sigmund (D:2)
  Terence (D:1)
  Robin (D:2)
  2 adders (D:3)
  3 gnolls
  A worm (D:3)
  2 dart slugs
  6 endoplasms
  5 giant cockroaches
  14 goblins
  13 hobgoblins
  5 jackals
  4 quokkas
  8 ball pythons
  4 bats
  2 frilled lizards
  2 kobolds
  7 rats
81 creatures vanquished.

Notes
Turn   | Place    | Note
-------+----------+-------------------------------------------
     0 | D:1      | pmoppi the Demigod Wanderer began the quest for the Orb.
     0 | D:1      | pmoppi set off with the following items: a +2 quarterstaff,
                  | a +0 ring mail; and the following spell memorised: Magic
                  | Dart; and the following spells available to memorise:
                  | Dazzling Flash
     0 | D:1      | Reached XP level 1. HP: 16/16 MP: 7/7
     6 | D:1      | Noticed a polar bear
     6 | D:1      | Noticed an anaconda
     6 | D:1      | Noticed a swamp drake
   229 | D:1      | Reached XP level 2. HP: 16/23 MP: 9/9
   828 | D:2      | Noticed Robin
   863 | D:2      | Reached XP level 3. HP: 16/28 MP: 11/11
  1079 | D:2      | Killed Robin
  2323 | D:2      | Noticed Terence
  2325 | D:2      | Noticed Sigmund
  2345 | D:1      | Killed Terence
  2346 | D:1      | Reached XP level 4. HP: 3/36 MP: 12/12
  3281 | D:2      | Found Rionip's Jewellery Shoppe.
  3322 | D:2      | Killed Sigmund
  3323 | D:2      | Reached XP level 5. HP: 31/42 MP: 14/14
  4349 | D:3      | Reached XP level 6. HP: 49/50 MP: 15/15
  4686 | D:4      | Mangled by an ogre

Illustrated notes

Levels and vault maps discovered:
D:1:      onia_arrival_zoo_common, layout_basic
D:2:      layout_rooms, nicolae_ecumenical_lake_church, serial_shops, shop,
          hangedman_decor_opposing, minmay_hexomino_r4, uniq_terence,
          uniq_sigmund, uniq_robin
D:3:      layout_basic
D:4:      nicolae_cairo_tiling_very_big, layout_basic

Skill      XL: |  1  2  3  4  5 |
---------------+----------------+-----
Staves         | 2 3 4 |  4.0
Armour         | 2 3 |  3.0
Fighting       | 2 |  2.6
Spellcasting   | 4 |  4.3
Evocations     | |  1.0

Action                   |  1- 3 |  4- 6 || total
-------------------------+-------+-------++-------
Melee: Quarterstaff      |   141 |    83 ||   224
 Cast: Magic Dart        |       |     2 ||     2
Armor: Ring mail         |    62 |       ||    62
       Scale mail        |     6 |    33 ||    39
Dodge: Dodged            |   104 |    35 ||   139

Table legend: (Time is in decaauts)
 A = Elapsed time spent in this place.
 B = Non-inter-level travel time spent in this place.
 C = Inter-level travel time spent in this place.
 D = Time resting spent in this place.
 E = Time spent auto-exploring this place.
 F = Levels seen in this place.
 G = Mean time per level.
                   A        B        C        D        E       F      G
               +--------+--------+--------+--------+--------+-----+--------+
         Total |   4735 |   4612 |    123 |   1946 |   1914 |   4 | 1183.8 |
       Dungeon |   4735 |   4612 |    123 |   1946 |   1914 |   4 | 1183.8 |
               +--------+--------+--------+--------+--------+-----+--------+

Top non-repeatable levels by time:
     D:1: 2180 daAuts
     D:2: 1492 daAuts
     D:3: 1001 daAuts
     D:4: 61 daAuts
